 Dungeon Crawl Stone Soup version 0.19-a0-1886-gd64a0f0 (webtiles) character file.

724 MrRokkomies the Slasher (level 7, -2/61 HPs)
             Began as a Demigod Warper on Oct 16, 2016.
             Slain by a sky beast (5 damage)
             ... on level 5 of the Dungeon.
             The game lasted 00:12:38 (4932 turns).

MrRokkomies the Slasher (Demigod Warper)            Turns: 4932, Time: 00:12:38

Health: -2/61      AC: 11    Str: 18    XL:     7   Next: 19%
Magic:  21/21      EV: 10    Int: 17    God:
Gold:   137        SH:  0    Dex: 15    Spells: 3 memorised, 2 levels left

rFire  . . .     SeeInvis .     p - +2 short sword (elec)
rCold  . . .     Gourm    .     n - +3 scale mail {rPois}
rNeg   . . .     Faith    .     (no shield)
rPois  +         Spirit   .     m - +1 helmet
rElec  .         Dismiss  .     (no cloak)
rCorr  .         Reflect  .     (no gloves)
MR     .....     Harm     .     (no boots)
Stlth  +.........               (no amulet)
                                s - ring of magical power
                                k - ring of stealth

@: no status effects
A: high mp 1
a: no special abilities


You were on level 5 of the Dungeon.
You were not hungry.

You visited 1 branch of the dungeon, and saw 5 of its levels.

You collected 137 gold pieces.

Inventory:

Hand Weapons
 a - a +0 falchion
 b - a +0 shortbow
 p - a +2 short sword of electrocution (weapon)
 t - a +1 glaive of chopping
Missiles
 e - 5 tomahawks of dispersal (quivered)
 r - 18 poisoned needles
 v - 14 arrows
Armour
 m - a +1 helmet (worn)
 n - a +3 scale mail of poison resistance (worn)
Jewellery
 k - a ring of stealth (left hand)
 s - a ring of magical power (right hand)
Scrolls
 d - a scroll of blinking
 o - a scroll of identify
 u - a scroll of remove curse
 w - a scroll of teleportation
Potions
 g - a potion of cure mutation
 i - a potion of agility
 j - 3 potions of curing
 l - 2 potions of heal wounds
Books
 c - a book of Spatial Translocations

   Spells                             Type                      Level
   a - Blink                          Translocation                2
   b - Shroud of Golubria             Charms/Translocation         2
   c - Lesser Beckoning               Translocation                3
   d - Portal Projectile              Translocation                3
   e - Teleport Other                 Translocation                3
   f - Passage of Golubria            Translocation                4
Comestibles
 f - 3 bread rations
 h - a slice of pizza
 q - a beef jerky


   Skills:
 * Level 5.5 Fighting
 * Level 5.6 Long Blades
 - Level 0.8 Throwing
 - Level 0.8 Armour
 - Level 1.7 Dodging
 - Level 1.7 Spellcasting
 - Level 2.6 Translocations


You had 2 spell levels left.
You knew the following spells:

 Your Spells              Type           Power        Failure   Level  Hunger
a - Blink                 Tloc           N/A          34%         2    ###....
b - Shroud of Golubria    Chrm/Tloc      #.........   67%         2    ###....
c - Lesser Beckoning      Tloc           ##........   71%         3    ###....


Dungeon Overview and Level Annotations

Branches:
Dungeon (5/15)
 Temple: D:4-7

Annotations:
D:5 Prince Ribbit


Innate Abilities, Weirdness & Mutations

You have an increased reservoir of magic. (+10% MP)


Message History

The sky beast hits you. The sky beast shocks you.
You closely miss the sky beast.
The sky beast is heavily wounded.
The sky beast hits you. The sky beast shocks you.
* * * LOW HITPOINT WARNING * * *
You hit the sky beast.
The sky beast is severely wounded.
The sky beast hits you.
* * * LOW HITPOINT WARNING * * *
The sky beast shocks you.
* * * LOW HITPOINT WARNING * * *
You hit the sky beast.
The sky beast is almost dead.
The sky beast hits you but does no damage.
You closely miss the sky beast.
The sky beast is almost dead.
The sky beast hits you.
* * * LOW HITPOINT WARNING * * *
The sky beast shocks you.
You die...

### #.# #.# # #.#.## #
#.#.. # #.#.# # #.#@# #
# #.#Y# .# # #.#.# ..
##############.#.#.#.###
........................
##############.#.#.#.###
####...........#.#.#
...+.F.........#.# #
####...........#.#


You could see a sky beast.

Vanquished Creatures
  A centaur (D:4)
  5 killer bees (D:4)
  A crimson imp (D:5)
  2 bullfrog skeletons (D:4)
  Jessica (D:3)
  Terence (D:3)
  A worker ant (D:4)
  A hound zombie (D:5)
  A hound skeleton (D:4)
  Robin (D:3)
  3 gnolls
  9 adders
  An ooze (D:1)
  A worm (D:2)
  A dart slug (D:1)
  4 leopard geckos
  An orc (D:4)
  5 bats
  5 giant cockroaches
  14 goblins
  11 hobgoblins
  6 jackals (D:4)
  3 quokkas
  9 ball pythons
  6 frilled lizards
  6 kobolds
  A leopard gecko skeleton (D:4)
  8 rats
109 creatures vanquished.

Notes
Turn   | Place    | Note
-------+----------+-------------------------------------------
     0 | D:1      | MrRokkomies the Demigod Warper began the quest for the Orb.
     0 | D:1      | Reached XP level 1. HP: 17/17 MP: 5/5
   209 | D:1      | Reached XP level 2. HP: 16/24 MP: 7/7
   899 | D:2      | Found a shimmering altar of Xom.
   900 | D:2      | Found a shimmering altar of Xom.
   900 | D:2      | Found a shimmering altar of Xom.
   901 | D:2      | Found a shimmering altar of Xom.
  1022 | D:2      | Found a snail-covered altar of Cheibriados.
  1391 | D:2      | Reached XP level 3. HP: 29/30 MP: 8/8
  1410 | D:2      | Found a shimmering altar of Xom.
  1505 | D:2      | Found a shimmering altar of Xom.
  1684 | D:3      | Noticed Robin
  1717 | D:3      | Killed Robin
  2158 | D:3      | Noticed Jessica
  2170 | D:3      | Killed Jessica
  2170 | D:3      | Reached XP level 4. HP: 38/38 MP: 9/9
  2660 | D:2      | Reached XP level 5. HP: 7/45 MP: 10/10
  2680 | D:2      | HP: 2/45 [poisoned by an adder]
  3115 | D:3      | Noticed Terence
  3134 | D:3      | Killed Terence
  3327 | D:3      | Found a hide-covered altar of Uskayaw.
  3332 | D:3      | Found a basalt altar of Yredelemnul.
  3337 | D:3      | Learned a level 2 spell: Blink
  3340 | D:3      | Learned a level 2 spell: Shroud of Golubria
  3344 | D:3      | Learned a level 3 spell: Lesser Beckoning
  3761 | D:4      | Noticed a centaur
  3770 | D:4      | Killed a centaur
  3770 | D:4      | Reached XP level 6. HP: 29/53 MP: 11/11
  3983 | D:4      | Reached skill level 5 in Long Blades
  3996 | D:4      | Reached skill level 5 in Fighting
  4369 | D:4      | Reached XP level 7. HP: 57/61 MP: 12/12
  4793 | D:5      | Entered Level 5 of the Dungeon
  4858 | D:5      | Noticed Prince Ribbit
  4932 | D:5      | HP: 3/61 [sky beast (1)]
  4932 | D:5      | Slain by a sky beast

Vault maps used:
D:1:      tarquinn_simple_flora_water_d
D:2:      lemuel_crystal_altar, minmay_misc_feat_five, xom_redecorated
D:3:      minitemple, first_bread, minmay_snake_closets, uniq_terence,
          uniq_jessica, uniq_robin
D:4:      serial_co_window_serial, co_window_corner_a, co_window_corner_a,
          co_window_paths_a, co_window_corner_a, co_window_of_opportunity_a,
          co_window_of_opportunity_b, co_window_cross_3, co_window_corner_b,
          co_window_4corner_b
D:5:      lemuel_upstairs_altar, minmay_misc_feat_four_crosses, uniq_sigmund,
          uniq_prince_ribbit1

Skill      XL: |  1  2  3  4  5  6 |
---------------+-------------------+-----
Fighting       | 2 3 4 5 |  5.5
Long Blades    | 2 3 4 5 |  5.6
Throwing       | |  0.8
Armour         | |  0.8
Dodging        | |  1.7
Spellcasting   | |  1.7
Translocations | |  2.6

Action                   |  1- 3 |  4- 6 |  7- 9 || total
-------------------------+-------+-------+-------++-------
Melee: Falchion          |   135 |       |       ||   135
       Short sword       |    15 |   203 |    69 ||   287
  Use: Scroll            |     9 |     5 |       ||    14
       Potion            |     1 |       |       ||     1
  Eat: Chunk             |     3 |     7 |     1 ||    11
       Meat ration       |       |       |     1 ||     1
Armor: Leather armour    |    16 |       |       ||    16
       Chain mail        |    96 |    16 |       ||   112
       Plate armour      |       |    58 |       ||    58
       Scale mail        |       |    57 |    43 ||   100
Dodge: Dodged            |    95 |    81 |    19 ||   195
       Rpst.: Falchion   |    34 |       |       ||    34
